 Dungeon Crawl Stone Soup version 0.31-a0-700-gf13585253f (webtiles) character file.

Game seed: 219270718164840191

45 qw the Shooter (level 3, -1/22 HPs)
             Began as a Gargoyle Hunter on Sept 7, 2023.
             Slain by a goblin
             ... wielding a +0 dagger
             ... led by Robin
              (5 damage)
             ... on level 2 of the Dungeon.
             The game lasted 00:00:23 (1077 turns).

qw the Shooter (Gargoyle Hunter)                    Turns: 1077, Time: 00:00:24

Health: -1/22      AC:  8    Str: 14    XL:     3   Next: 64%
Magic:  3/3        EV: 10    Int:  9    God:
Gold:   57         SH:  0    Dex: 15    Spells: 2/2 levels left

rFire   . . .        Y - +0 shortbow
rCold   . . .        (shield currently unavailable)
rNeg    + . .        e - +0 ring mail
rPois   inf          (no helmet)
rElec   +            (no cloak)
rCorr   .            (no gloves)
SInv    .            (no boots)
Will    .....        (no amulet)
Stlth   +            (no ring)
HPRegen 0.23/turn    (no ring)
MPRegen 0.08/turn

%: no passive effects
@: no status effects
A: sickness immunity, AC +3, negative energy resistance 1, electricity
resistance, torment resistance 1, petrification resistance
a: no special abilities


You were on level 2 of the Dungeon.
You visited 1 branch of the dungeon, and saw 2 of its levels.

You collected 57 gold pieces.


Innate Abilities, Weirdness & Mutations

You are immune to sickness and miasma.
Your stone body is resilient. (AC +3)
You are immune to poison.
You resist negative energy. (rN+)
You are resistant to electric shocks. (rElec)
You are resistant to unholy torment.
You are immune to petrification.


   Skills:
 + Level 2.5 Fighting
 - Level 5.0 Ranged Weapons
 - Level 1.0 Armour
 - Level 1.5 Dodging
 - Level 1.1 Stealth


You had 2 spell levels left.
You didn't know any spells.
Your spell library was empty.

Inventory:

Hand Weapons
 Y - a +0 shortbow (weapon)
Armour
 a - a +0 cloak
 e - a +0 ring mail (worn)
Potions
 b - a potion of brilliance {unknown}

Dungeon Overview and Level Annotations

Branches:
Dungeon (2/15)

Altars:

Annotations:
D:2 Robin


Message History

Robin roars a battlecry!
The goblins go into a battle-frenzy!
A goblin comes into view. It is wielding a +0 club.
The goblin hits you with a +0 dagger.
You shoot an arrow. The arrow closely misses the goblin.
A hobgoblin comes into view.
Robin throws the goblin at you! The goblin hits you with a +0 club.
The goblin closely misses you.
You shoot an arrow. The arrow barely misses the goblin.
The hobgoblin shouts!
You hear a shout!
The goblin barely misses you. The goblin hits you with a +0 dagger.
A goblin comes into view. It is wielding a +0 dagger.
The goblin hits you but does no damage.
A goblin comes into view. It is wielding a +0 dagger.
Robin throws the goblin at you!
The goblin hits you but does no damage. x2
The goblin hits you with a +0 dagger. The goblin hits you with a +0 club.
You shoot an arrow. The goblin shouts! x2
The arrow hits the goblin but does no damage.
The goblin hits you but does no damage. The goblin barely misses you. x2
A goblin comes into view. It is wielding a +0 dagger.
The goblin barely misses you.
You shoot an arrow. The arrow hits the goblin.
You kill the goblin!
The goblin barely misses you. The goblin hits you but does no damage.
The goblin barely misses you.
You shoot an arrow.
The arrow hits the goblin but does no damage.
Robin throws the goblin at you! The goblin barely misses you.
The goblin hits you but does no damage. The goblin completely misses you.
You shoot an arrow. The arrow closely misses the goblin.
The goblin hits you with a +0 dagger. Robin throws the goblin at you!
The goblin hits you with a +0 dagger. The goblin closely misses you.
The goblin barely misses you. The goblin closely misses you.
The goblin hits you but does no damage. x2; The goblin barely misses you. x2
The goblin hits you with a +0 dagger.
You shoot an arrow. The arrow misses the goblin.
The goblin hits you with a +0 dagger.
You die...

#### #.# ....##+####.#
### ..........#.#
####..
..........#.######.....
..........#.#....#.....
#.....>..........#.....
..###..###.#....#.....
#gg.........'.....
#@####)#.####....#
......ggg....#.# #.....
##....gg........ #####.
.......g......... ###.
##..)...$......... #.<%
#:.....................
#.##.......####........
#. ........# #........
#..).....


You could see Robin, a hobgoblin (strong) and 6 goblins.

Vanquished Creatures
  2 dart slugs (D:1)
  An endoplasm (D:2)
  A giant cockroach (D:1)
  10 goblins
  4 hobgoblins
  6 jackals (D:1)
  3 kobolds
  2 ball pythons
  A bat (D:1)
  4 frilled lizards
  A rat (D:1)
35 creatures vanquished.

Notes
Turn   | Place    | Note
-------+----------+-------------------------------------------
     0 | D:1      | qw the Gargoyle Hunter began the quest for the Orb.
     0 | D:1      | Reached XP level 1. HP: 12/12 MP: 1/1
     0 | D:1      | 0 ||| qw: Version: 0.3-a-76-g4403597
     0 | D:1      | 0 ||| qw: Game counter: 509
     0 | D:1      | 0 ||| qw: Melee chars always use a shield: true
     0 | D:1      | 0 ||| qw: God list: Okawaru
     0 | D:1      | 0 ||| qw: Allow faded altars: false
     0 | D:1      | 0 ||| qw: Do Orc after clearing Dungeon:15 true
     0 | D:1      | 0 ||| qw: Do second Lair branch before Depths: true
     0 | D:1      | 0 ||| qw: Lair rune preference: random
     0 | D:1      | 0 ||| qw: Goals: Normal
     0 | D:1      | 0 ||| PLANNING D:1-11
     2 | D:1      | 2 ||| Stepping ~*~*~tactically~*~*~ (water).
    40 | D:1      | Reached XP level 2. HP: 12/17 MP: 2/2
   307 | D:1      | Reached XP level 3. HP: 21/21 MP: 3/3
   316 | D:1      | Reached skill level 5 in Ranged Weapons
   963 | D:1      | 963 ||| UPGRADING to +0 ring mail.
   973 | D:1      | 973 ||| DROPPING +0 leather armour.
   974 | D:1      | 974 ||| READING scroll labelled DEDIVI OSMOI.
   975 | D:1      | 975 ||| READING scroll labelled TENNUTTOILA.
   979 | D:1      | 979 ||| DROPPING scroll of butterflies.
  1054 | D:2      | Reached skill level 1 in Armour
  1068 | D:2      | Noticed Robin
  1076 | D:2      | HP: 5/22 [goblin/+0 dagger[Robin] (4)]
  1077 | D:2      | Slain by a goblin

Levels and vault maps discovered:
D:1:      eino_arrival_water_star, layout_basic, serial_aquarium,
          aquarium_bridge_island_small [aquarium_subvault_small_open,
          aquarium_subvault_wall, aquarium_subvault_bridge,
          aquarium_subvault_wall, aquarium_subvault_wall],
          aquarium_bridge_long_separate [aquarium_subvault_window,
          aquarium_subvault_bridge, aquarium_subvault_window,
          aquarium_subvault_wall, aquarium_subvault_window,
          aquarium_subvault_bridge], aquarium_window_fake,
          aquarium_window_corridor_1, aquarium_view_2a, aquarium_balcony_3b
D:2:      layout_basic, basic_altar, serial_bayou_pond_d,
          minmay_misc_feat_four_crosses, minmay_misc_feat_enclosed,
          uniq_terence, uniq_natasha, uniq_robin

Skill      XL: |  1  2  3 |
---------------+----------+-----
Ranged Weapons | 5 |  5.0
Armour         | 1 |  1.0
Fighting       | |  2.5
Dodging        | |  1.5
Stealth        | |  1.1

Action                     || total
---------------------------++-------
   Fire: Shortbow          ||   109
    Use: Scroll            ||     2
 Armour: Leather armour    ||    18
         Ring mail         ||    37
  Dodge: Dodged            ||    44

Table legend:
 A = Non-vault XP
 B = Vault XP
 C = Vault XP percentage of total XP
 D = Non-vault monster count
 E = Vault monster count
 F = Vault count percentage of total count
                 A         B        C        D         E       F
            +---------+---------+-------+---------+---------+-------
      Total |      56 |       9 |  13.8 |      30 |       5 |  14.3
            +---------+---------+-------+---------+---------+-------
        D:1 |      46 |       0 |   0.0 |      24 |       0 |   0.0
        D:2 |      10 |       9 |  47.4 |       6 |       5 |  45.5
            +---------+---------+-------+---------+---------+-------
